 Dungeon Crawl Stone Soup version 0.19.5 (console) character file.

415 Grinner the Poker (level 6, -2/42 HPs)
             Began as an Octopode Fighter on Mar 9, 2017.
             Slain by a sky beast (6 damage)
             ... on level 5 of the Dungeon.
             The game lasted 00:06:13 (2225 turns).

Grinner the Poker (Octopode Fighter)                Turns: 2225, Time: 00:06:13

Health: -2/42      AC:  1    Str: 16    XL:     6   Next: 91%
Magic:  6/6        EV: 14    Int: 11    God:
Gold:   146        SH:  9    Dex: 16    Spells: 0 memorised, 5 levels left

rFire  . . .     SeeInvis .     a - +0 trident
rCold  . . .     Gourm    .     b - +0 shield
rNeg   . . .     Faith    .     (helmet restricted)
rPois  .         Spirit   .     (no amulet)
rElec  .         Reflect  .     j - ring of wizardry
rCorr  .         Harm     .     n - +4 ring of dexterity
MR     .....                    (no ring)
Stlth  +++.......               (no ring)
                                (no ring)
                                (no ring)
                                (no ring)
                                (no ring)

@: no status effects
A: almost no armour, stealthy swim, amphibious, 8 rings, constrict 8, camouflage
1, gelatinous body 1
a: no special abilities


You were on level 5 of the Dungeon.
You were not hungry.

You visited 1 branch of the dungeon, and saw 4 of its levels.

You collected 146 gold pieces.

Inventory:

Hand Weapons
 a - a +0 trident (weapon)
Armour
 b - a +0 shield (worn)
Jewellery
 j - a ring of wizardry (left tentacle)
 n - a +4 ring of dexterity (right tentacle)
Wands
 s - a wand of confusion (29/48)
Scrolls
 h - 2 scrolls of enchant weapon {unknown}
 i - a scroll of noise {unknown}
 m - a scroll of magic mapping {unknown}
 o - a scroll of remove curse {unknown}
 p - a scroll of fear {unknown}
 q - 2 scrolls of identify {unknown}
Potions
 c - a potion of might
 e - a potion of mutation {unknown}
 f - a potion of flight {unknown}
 g - a potion of magic {unknown}
 k - a potion of curing {unknown}
Comestibles
 d - 2 bread rations
 l - 7 fruits
 r - a chunk of flesh


   Skills:
 - Level 3.0 Fighting
 * Level 5.2 Polearms
 + Level 4.5 Dodging
 + Level 4.4 Shields


You had 5 spell levels left.
You didn't know any spells.

Dungeon Overview and Level Annotations

Branches:
Dungeon (3/15)

Altars:

Shops:
D:5 }


Innate Abilities, Weirdness & Mutations

You cannot wear most types of armour.
You are very stealthy in the water. (Stealth+)
You are amphibious.
You can wear up to eight rings at the same time.
You can use your tentacles to constrict eight enemies at once.
Your skin changes colour to match your surroundings (Stealth+).
Your rubbery body absorbs attacks. (AC +1, EV +1)


Message History

A sky beast appears from thin air!
Reactivating autopickup.
You hit the sky beast.
You squeeze the sky beast, but do no damage.
The sky beast is heavily wounded.
The sky beast closely misses you.
You barely miss the sky beast.
The sky beast is heavily wounded.
The sky beast hits you. The sky beast shocks you.
You closely miss the sky beast.
The sky beast is moderately wounded.
The sky beast closely misses you.
You hit the sky beast. You squeeze the sky beast.
The sky beast is severely wounded.
The sky beast hits you. The sky beast shocks you.
* * * LOW HITPOINT WARNING * * *
The sky beast hits you.
* * * LOW HITPOINT WARNING * * *
The sky beast shocks you.
You die...

.....................#######.#
...≈≈≈...≈.≈..≈..≈≈≈.......#...#
≈≈≈.≈≈≈≈≈≈≈≈≈≈≈≈≈≈≈≈≈........###
♣≈.≈♣♣♣≈≈≈♣♣♣≈.≈♣♣♣≈≈###..#...#
♣≈.≈♣ ♣≈.≈♣ ♣≈.≈♣ ♣≈≈#....###.#
♣♣♣≈.≈♣♣♣≈.≈♣♣♣≈≈≈♣♣♣≈≈#.#..## ..
≈≈≈≈.≈≈≈≈≈.≈≈≈≈≈.≈≈≈≈≈≈......####
..........≈≈≈≈≈.≈.≈≈.≈≈......####
≈≈≈≈.≈≈≈≈≈≈≈≈≈≈Y@≈≈≈≈≈≈#.##......
♣♣♣≈≈≈♣♣♣≈≈≈♣♣♣≈.≈♣♣♣≈≈#..#......
♣ ♣≈.≈♣ ♣≈.≈♣ ♣≈.≈♣ ♣≈≈##.#......
♣♣♣≈≈≈♣♣♣≈≈≈♣♣♣≈≈≈♣♣♣≈...........
≈≈≈≈.≈≈≈≈≈.≈≈≈≈≈.≈≈≈≈≈.#.........
≈≈≈≈≈≈.......≈≈≈...≈.≈≈#.##..)...
≈≈≈≈≈≈≈≈≈≈≈≈≈≈≈≈≈≈≈≈≈≈.#.##......
♣♣♣≈.≈♣♣♣≈≈≈♣♣♣≈≈≈♣♣♣≈....#.#...#
♣ ♣≈.≈♣ ♣≈≈≈♣ ♣≈.≈♣ ♣≈.#..#.##.##


You could see a sky beast.

Vanquished Creatures
  An ice beast (D:5)
  A necrophage (D:5)
  A centaur zombie (D:5)
  A jelly (D:5)
  Crazy Yiuf (D:3)
  A hound zombie (D:5)
  5 adders
  An ooze (D:1)
  A worm (D:5)
  2 dart slugs
  2 leopard geckos (D:2)
  4 orcs (D:3)
  3 giant cockroaches
  7 goblins
  10 hobgoblins
  6 jackals
  6 kobolds
  2 quokkas
  5 bats
  A frilled lizard (D:1)
  3 rats (D:2)
64 creatures vanquished.

Notes
Turn   | Place    | Note
-------+----------+-------------------------------------------
     0 | D:1      | Grinner the Octopode Fighter began the quest for the Orb.
     0 | D:1      | Reached XP level 1. HP: 16/16 MP: 1/1
   293 | D:1      | Reached XP level 2. HP: 21/21 MP: 2/2
   469 | D:1      | Reached XP level 3. HP: 24/26 MP: 3/3
  1164 | D:2      | Reached skill level 3 in Polearms
  1240 | D:3      | Reached XP level 4. HP: 31/31 MP: 4/4
  1473 | D:3      | Found a runed door.
  1477 | D:3      | Noticed Crazy Yiuf
  1484 | D:3      | Killed Crazy Yiuf
  1484 | D:3      | Reached skill level 4 in Polearms
  1484 | D:3      | Reached XP level 5. HP: 35/36 MP: 5/5
  1514 | D:3      | You fall through a shaft for 2 floors!
  1514 | D:5      | Entered Level 5 of the Dungeon
  1524 | D:5      | Noticed a sky beast
  1627 | D:5      | Noticed an ice beast
  1633 | D:5      | Killed an ice beast
  1633 | D:5      | Reached XP level 6. HP: 42/42 MP: 6/6
  1672 | D:5      | Found Cufar's Gadget Shoppe.
  1969 | D:5      | Noticed a necrophage
  1974 | D:5      | Killed a necrophage
  1974 | D:5      | Reached skill level 5 in Polearms
  2225 | D:5      | Slain by a sky beast

Skill      XL: |  1  2  3  4  5  6 |
---------------+-------------------+-----
Polearms       | 3 4 5 |  5.2
Dodging        | 4 |  4.5
Shields        | 4 |  4.4
Fighting       | |  3.0

Action                   |  1- 3 |  4- 6 || total
-------------------------+-------+-------++-------
Melee: Trident           |    74 |    87 ||   161
       Constrict         |    15 |    14 ||    29
       Tentacles         |    12 |    20 ||    32
 Stab: Sleeping          |     6 |     5 ||    11
  Eat: Chunk             |       |     4 ||     4
Armor: Skin              |     4 |     2 ||     6
Dodge: Dodged            |    30 |    30 ||    60
Block: Shield            |    34 |    28 ||    62
